AoeStats
← Fs.Black_

African Clearing

505034684Analyzed
4v4 RM · 24d ago on Sep 7, 2026· 27m 59s· 8 players
Game mode
Random Map
Map size
Large (8 player)
Population
200
Speed
Normal
Resources
Standard
Victory
Conquest
Starting age
Dark Age
Ending age
Imperial Age
RankedLock teamsTeams togetherTeam positionsShared explorationLock speedFull tech treeHidden civsTurbo modeCheats
Victory
Defeat
🇧🇷 Mapuche · Brazil
1761
+7
🇧🇷 Huns · Brazil
1707
+8
🇧🇷 Vietnamese · Brazil
1644
+10
🇧🇷 Malians · Brazil
1339
+23
1541
-13
🇺🇸 Jurchens · United States
1524
-12
🇸🇮 Lithuanians · Slovenia
1514
-12
🇲🇽 Bohemians · Mexico
1485
-11
boo
4:31 Loom
12:17 Feudal Age
17:02 Castle Age
17:00 Double-Bit Axe
TheFireKnight
12:49 Loom
15:03 Feudal Age
15:42 Double-Bit Axe
21:32 Town Watch
21:59 Horse Collar
25:15 Fletching
27:15 Wheelbarrow
种田人口才是基本盘
10:04 Loom
13:15 Feudal Age
17:53 Castle Age
16:46 Double-Bit Axe
21:17 Fishing Lines
22:07 Gillnets
24:23 Wheelbarrow
26:57 Gold Mining
27:57 Hand Cart
dog
6:06 Loom
11:08 Feudal Age
12:40 Double-Bit Axe
14:32 Fletching
17:43 Horse Collar
18:15 Padded Archer Armor
24:01 Castle Age
23:37 Gold Mining
25:14 Scale Barding Armor
25:55 Wheelbarrow
Fs.Neras
13:14 Feudal Age
13:59 Loom
14:20 Double-Bit Axe
16:43 Castle Age
15:01 Fletching
15:37 Horse Collar
18:18 Bodkin Arrow
20:23 Ballistics
Fs.Costinha
10:53 Loom
13:37 Feudal Age
14:38 Double-Bit Axe
17:58 Fletching
20:08 Padded Archer Armor
23:31 Castle Age
23:52 Castle Age
24:16 Stone Mining
24:17 Gold Mining
24:05 Crossbowman
24:40 Bodkin Arrow
26:02 Leather Archer Armor
muaway
5:46 Loom
13:56 Feudal Age
14:27 Double-Bit Axe
14:31 Horse Collar
20:33 Wheelbarrow
22:23 Town Watch
25:05 Castle Age
28:28 Heavy Plow
28:38 Bow Saw
Fs.Black_
4:21 Loom
13:03 Feudal Age
17:27 Castle Age
15:43 Double-Bit Axe
16:53 Horse Collar
17:56 Fletching
18:46 Bodkin Arrow
Connection lost

Rejoining the realm…

Still unreachable

The connection could not be restored.

Session expired

The server has moved on; the page needs a fresh start.